 Dungeon Crawl Stone Soup version 0.30-a0-311-gf115ab0292 (webtiles) character file.

Game seed: 13901660998639012214

1052 avis the Magician (level 8, 0/59 HPs)
             Began as a Djinni Ice Elementalist on Oct 25, 2022.
             Slain by an ogre
             ... wielding a +0 giant spiked club
              (16 damage)
             ... on level 5 of the Dungeon on Oct 26, 2022.
             The game lasted 00:36:32 (5372 turns).

avis the Magician (Djinni Ice Elementalist)         Turns: 5372, Time: 00:36:33

Health: 0/59       AC: 13    Str:  7    XL:     8   Next: 50%
Gold:   146        EV: 16    Int: 16    God:
                   SH:  0    Dex: 17

rFire   + + .      SeeInvis .    a - +0 long sword
rCold   x . .      Faith    .    (no shield)
rNeg    . . .      Spirit   .    x - +0 robe
rPois   ∞          Reflect  .    r - +0 helmet
rElec   .          Harm     .    m - +2 cloak {rCorr}
rCorr   +          Rampage  .    (no gloves)
Will    .....                    (boots unavailable)
Stlth   ++........               p - amulet of the acrobat
HPRegen 0.29/turn                u - +4 ring of evasion
MPRegen 0.00/turn                (no ring)

@: ice-armoured, freezing walls, flying
A: sickness immunity, fire resistance 2, cold vulnerability 1, float, innate
caster, HP casting, extra vitality 1
a: no special abilities


You were on level 5 of the Dungeon.
You visited 1 branch of the dungeon, and saw 5 of its levels.

You collected 170 gold pieces.
You spent 24 gold pieces at shops.

Inventory:

Hand Weapons
 a - a +0 long sword (weapon)
 e - a +0 spear
Missiles
 c - 2 atropa-tipped darts
 q - 5 boomerangs
 v - 4 silver javelins
 w - 3 throwing nets
Armour
 m - a +2 cloak of preservation (worn)
 r - a +0 helmet (worn)
 x - a +0 robe (worn)
Jewellery
 p - an amulet of the acrobat (around neck)
 u - a +4 ring of evasion (left hand)
Wands
 k - a wand of acid (7)
Scrolls
 f - a scroll of summoning {unknown}
 g - a scroll of silence {unknown}
 i - 2 scrolls of teleportation {unknown}
 n - a scroll of fear {unknown}
 o - a scroll of acquirement {unknown}
 t - a scroll of vulnerability {unknown}
Potions
 b - a potion of attraction
 d - a potion of cancellation
 h - 2 potions of ambrosia
 j - a potion of flight
 l - a potion of curing
 s - a potion of heal wounds {unknown}
 z - a potion of mutation {unknown}


   Skills:
 + Level 5.0 Fighting
 + Level 1.6 Long Blades
 - Level 2.1 Dodging
 - Level 1.5 Stealth
 * Level 6.6 Spellcasting


You had 3 spell levels left.
You knew the following spells:

 Your Spells              Type           Power      Damage    Failure   Level
a - Freeze                Ice            100%       1d10      1%          1
e - Sandblast             Erth           52%        2d12      1%          1
k - Momentum Strike       Conj/Tloc      52%        3d9       1%          2
l - Dazzling Flash        Conj/Hex       52%        N/A       2%          3
o - Ozocubu's Armour      Ice            26%        N/A       2%          3
r - Frozen Ramparts       Ice            52%        1d8       2%          3
s - Summon Ice Beast      Ice/Summ       26%        N/A       9%          4
Your spell library was empty.

Dungeon Overview and Level Annotations

Branches:
Dungeon (5/15)
 Temple: D:4-7

Altars:
Makhleb
Qazlal
Xom

Shops:
D:1 *   D:2 [

Annotations:
D:5 Ijyb


Innate Abilities, Weirdness & Mutations

You are immune to sickness and miasma.
You are immune to poison.
Your flesh is very heat resistant. (rF++)
You are vulnerable to cold. (rC-)
You float through the air rather than walking.
You learn spells naturally, not from books.
Your magical power is your life essence.
You have superior vitality. (+4 MHP)


Message History

Press: ? - help, Dir - look around, f - activate The walls around you are covered in ice.
The wall freezes the iguana.
The iguana seems to slow down.
You hit the iguana.
The iguana is moderately wounded.
The wall freezes the iguana!
The iguana closely misses you.
You barely miss the iguana.
The iguana is almost dead.
The iguana is no longer moving slowly.
The wall freezes the iguana.
You kill the iguana!
Your Fighting skill increases to level 5!
The frozen ramparts melt away as you move.
You see here an iguana corpse.
Ijyb and an ogre come into view.
Ijyb is wielding a +0 club, wearing a +2 leather armour of willpower and carrying a wand of flame (22).
Ijyb shouts!
The ogre shouts!
Ijyb screams, "You nasty!
Big nasty!"
You hear a bark!
The ogre attacks as you move away! The ogre completely misses you.
A hound comes into view.
Casting: Frozen Ramparts (dangerous; 2% risk of failure)
Confirm with . or Enter, or press ? or * to list all spells.
Casting: Frozen Ramparts (dangerous; 2% risk of failure)
Press: ? - help, Dir - look around, f - activate The walls around you are covered in ice.
The wall freezes the ogre but does no damage.
The ogre hits you with a +0 giant spiked club!!
Casting: Frozen Ramparts (dangerous; 2% risk of failure)
Confirm with . or Enter, or press ? or * to list all spells.
A film of ice covers your body!
The wall freezes the hound.
You hit the ogre.
The ogre is moderately wounded.
The wall freezes the hound.
The wall freezes the ogre.
The ogre hits you with a +0 giant spiked club!!
* * * LOW HITPOINT WARNING * * *
The wall freezes the hound but does no damage.
You feel better.
The wall freezes the hound.
The wall freezes Ijyb!
The wall freezes the ogre.
The ogre hits you with a +0 giant spiked club!
You die...

.##...#### #.#
......####....
#.#
##.##.....^...
#.#
#..##.###.....
##.#
..............
###†.#
.####.########
#...## ## #..#
#.### # ##.#
#.# #.# #@#
#####.# #O#
##>....# #h#
#......##
#.g......#
.........#
#........#
.#.....#....
.........#
######..####
.##..?....#
##.# #.
#.......# ..#
. #.......#


You could see an ogre, Ijyb and a hound.

Vanquished Creatures
  A water moccasin (D:5)
  6 killer bees (D:5)
  A gnoll bouda (D:4)
  3 jellies (D:4)
  3 orc priests
  3 hounds
  3 iguanas
  Natasha (thrice) (D:3)
  2 orc wizards (D:5)
  Robin (D:3)
  5 gnolls (D:4)
  6 adders
  A dart slug (D:1)
  5 worms
  6 orcs
  7 endoplasms
  2 giant cockroaches
  10 hobgoblins
  5 quokkas
  A ball python (D:3)
  2 bats (D:3)
  4 frilled lizards
  14 goblins
  7 kobolds
  5 rats
106 creatures vanquished.

Notes
Turn   | Place    | Note
-------+----------+-------------------------------------------
     0 | D:1      | avis the Djinni Ice Elementalist began the quest for the
                  | Orb.
     0 | D:1      | avis set off with the following spells memorised: Freeze,
                  | Frozen Ramparts, Ozocubu's Armour, Summon Ice Beast.
     0 | D:1      | Reached XP level 1. HP: 15/15 MP: 0/0
   107 | D:1      | Reached XP level 2. HP: 16/22 MP: 0/0
   147 | D:1      | Found Umumnor's General Store.
   439 | D:1      | Reached skill level 1 in Fighting
   853 | D:1      | Found a faded altar of an unknown god.
   859 | D:1      | Reached XP level 3. HP: 27/27 MP: 0/0
   859 | D:1      | Learned a level 1 spell: Sandblast
  1178 | D:1      | Bought a scroll of identify for 24 gold pieces
  1647 | D:2      | Found Edytham's Armour Shop.
  1867 | D:2      | Reached XP level 4. HP: 29/32 MP: 0/0
  1987 | D:2      | Reached skill level 4 in Spellcasting
  2549 | D:3      | Noticed Natasha
  2827 | D:3      | Reached XP level 5. HP: 33/38 MP: 0/0
  2827 | D:3      | Learned a level 2 spell: Momentum Strike
  3077 | D:3      | Killed Natasha
  3100 | D:3      | Noticed Natasha
  3114 | D:3      | Killed Natasha
  3174 | D:3      | Noticed Robin
  3180 | D:3      | Reached XP level 6. HP: 27/45 MP: 0/0
  3190 | D:3      | Reached skill level 5 in Spellcasting
  3191 | D:3      | Killed Robin
  3384 | D:3      | Noticed Natasha
  3390 | D:3      | Killed Natasha
  4006 | D:4      | Reached XP level 7. HP: 42/50 MP: 0/0
  4006 | D:4      | Learned a level 3 spell: Dazzling Flash
  4331 | D:4      | Found a shimmering altar of Xom.
  4332 | D:4      | Found a burning altar of Makhleb.
  4333 | D:4      | Found a stormy altar of Qazlal.
  4965 | D:5      | Entered Level 5 of the Dungeon
  4993 | D:5      | Reached skill level 6 in Spellcasting
  5025 | D:5      | Reached XP level 8. HP: 37/58 MP: 0/0
  5223 | D:5      | Reached skill level 1 in Long Blades
  5353 | D:5      | Reached skill level 5 in Fighting
  5366 | D:5      | Noticed Ijyb
  5372 | D:5      | Slain by an ogre

Illustrated notes

Levels and vault maps discovered:
D:1:      mushboom_english_gardens, layout_basic, shapermc_ecumenical_altar_gd,
          serial_shops, nicolae_lakefront_shop, minmay_misc_feat_rugged,
          minmay_misc_feat_iff, minmay_misc_feat_more_columns
D:2:      layout_basic, serial_shops, shop
D:3:      layout_basic, uniq_robin, uniq_natasha
D:4:      layout_cave_pods, chequers_temple_overflow_statue_of_worship,
          minmay_misc_feat_hallway, grunt_decor_arrowhead
D:5:      layout_rooms, minmay_temple_entry_fiery, serial_shops,
          nicolae_shop_stone, uniq_ijyb

Skill      XL: |  1  2  3  4  5  6  7  8 |
---------------+-------------------------+-----
Fighting       | 1 2 3 4 5 |  5.0
Spellcasting   | 4 5 6 |  6.6
Long Blades    | 1 |  1.6
Dodging        | |  2.1
Stealth        | |  1.5

Action                   |  1- 3 |  4- 6 |  7- 9 || total
-------------------------+-------+-------+-------++-------
Melee: Spear             |    24 |    25 |    20 ||    69
       Long sword        |       |       |    32 ||    32
 Cast: Freeze            |    47 |    37 |     8 ||    92
       Frozen Ramparts   |     3 |    15 |    20 ||    38
       Ozocubu's Armour  |     2 |     5 |     9 ||    16
       Momentum Strike   |       |       |     1 ||     1
       Sandblast         |       |       |     1 ||     1
       Dazzling Flash    |       |       |     1 ||     1
Evoke: Wand              |       |     1 |       ||     1
  Use: Scroll            |     2 |       |     2 ||     4
       Potion            |       |     1 |     1 ||     2
 Stab: Sleeping          |     8 |     6 |     1 ||    15
Armor: Robe              |     3 |    17 |    25 ||    45
Dodge: Dodged            |    16 |    48 |    58 ||   122

Table legend: (Time is in decaauts)
 A = Elapsed time spent in this place.
 B = Non-inter-level travel time spent in this place.
 C = Inter-level travel time spent in this place.
 D = Time resting spent in this place.
 E = Time spent auto-exploring this place.
 F = Levels seen in this place.
 G = Mean time per level.
                   A        B        C        D        E       F      G
               +--------+--------+--------+--------+--------+-----+--------+
         Total |   5397 |   4876 |    521 |   1906 |   2040 |   5 | 1079.4 |
       Dungeon |   5397 |   4876 |    521 |   1906 |   2040 |   5 | 1079.4 |
               +--------+--------+--------+--------+--------+-----+--------+

Top non-repeatable levels by time:
     D:1: 1333 daAuts
     D:4: 1287 daAuts
     D:2: 1273 daAuts
     D:3: 1086 daAuts
     D:5: 416 daAuts
